 Dungeon Crawl Stone Soup version 0.21.1-1-g345015fe64 (webtiles) character file.

310 Oravi the Slinger (level 6, -11/39 HPs)
             Began as a Halfling Hunter on Apr 18, 2018.
             Was an Initiate of Okawaru.
             Killed by nerve-wracking pain
             ... invoked by a shadow imp
              (14 damage)
             ... on level 5 of the Dungeon.
             The game lasted 00:14:00 (3650 turns).

Oravi the Slinger (Halfling Hunter)                 Turns: 3650, Time: 00:14:01

Health: -11/39     AC:  6    Str: 13    XL:     6   Next: 70%
Magic:  6/6        EV: 15    Int:  9    God:    Okawaru [......]
Gold:   181        SH:  0    Dex: 17    Spells: 5/5 levels left

rFire    + . .     SeeInvis .   b - +0 short sword
rCold    + . .     Gourm    .   (shield restricted)
rNeg     . . .     Faith    .   j - +2 leather armour {rF+}
rPois    .         Spirit   .   (no helmet)
rElec    .         Reflect  .   (no cloak)
rCorr    .         Harm     .   (no gloves)
MR       .....                  (no boots)
Stlth    ++........             (no amulet)
HPRegen  0.13/turn              q - ring of protection from cold
MPRegen  0.10/turn              (no ring)

@: no status effects
A: small, mutation resistance 1, shaggy fur 1
a: Renounce Religion


You were on level 5 of the Dungeon.
You worshipped Okawaru.
Okawaru was noncommittal.
You were near starving.

You visited 1 branch of the dungeon, and saw 5 of its levels.

You collected 181 gold pieces.

Inventory:

Hand Weapons
 a - a +1 hunting sling
 b - a +0 short sword (weapon)
Armour
 c - a +1 leather armour
 j - a +2 leather armour of fire resistance (worn)
 r - a +1 leather armour of positive energy
Jewellery
 q - a ring of protection from cold (left hand)
Wands
 d - a wand of digging (9)
 n - a wand of flame (14)
Scrolls
 h - 4 scrolls of remove curse
Comestibles
 f - 6 rations


   Skills:
 - Level 1.7 Fighting
 * Level 2.9 Short Blades
 + Level 9.4 Slings
 + Level 1.9 Armour
 + Level 2.5 Dodging
 - Level 1.1 Stealth


You had 5 spell levels left.
You didn't know any spells.

Dungeon Overview and Level Annotations

Branches:
Dungeon (5/15)
 Temple: D:4-7

Altars:
Nemelex Xobeh
Okawaru

Annotations:
D:4 Sigmund; Thargor's ghost, novice TrBe


Innate Abilities, Weirdness & Mutations

You are small and have problems with some larger weapons.
You are somewhat resistant to further mutation.
You are covered in fur. (AC +1)


Message History

The shadow imp closely misses you.
You closely miss the orc.
The orc is heavily wounded.
The orc hits you with a trident.
* * * LOW HITPOINT WARNING * * *
The orc hits you but does no damage.
The shadow imp hits you but does no damage.
You hit the orc.
The orc is almost dead.
The orc completely misses you.
The shadow imp hits you but does no damage.
The orc barely misses you.
You hit the orc.
You kill the orc!
Okawaru accepts your kill.
You hit the orc.
The orc is heavily wounded.
The shadow imp gestures at you. Pain shoots through your body!
You die...

.(. #. ..#
#. #.. #..
#.. #...
##..
##.#.###(.#
........).#
..$....5o.#
......)@..#
..........#
..........#
..........#
..........#
..........#
###########


You could see a shadow imp and an orc.

Vanquished Creatures
  A crimson imp (D:4)
  A worker ant (D:4)
  Ijyb (D:3)
  3 orc wizards
  3 adders
  An ooze (D:2)
  A worm (D:2)
  2 dart slugs
  6 leopard geckos
  14 orcs
  6 bats
  7 giant cockroaches
  8 goblins
  5 hobgoblins
  4 jackals
  7 frilled lizards
  5 kobolds
  22 rats
97 creatures vanquished.

Vanquished Creatures (others)
  A fungus (D:4)
1 creature vanquished.

Grand Total: 98 creatures vanquished

Notes
Turn   | Place    | Note
-------+----------+-------------------------------------------
     0 | D:1      | Oravi the Halfling Hunter began the quest for the Orb.
     0 | D:1      | Reached XP level 1. HP: 14/14 MP: 1/1
     4 | D:1      | Reached skill level 6 in Slings
    23 | D:1      | Reached XP level 2. HP: 14/19 MP: 2/2
   216 | D:1      | Reached XP level 3. HP: 24/24 MP: 3/3
   351 | D:1      | Reached skill level 1 in Short Blades
   597 | D:1      | Reached skill level 7 in Slings
   869 | D:2      | Reached XP level 4. HP: 29/29 MP: 4/4
  1581 | D:3      | Reached skill level 8 in Slings
  1581 | D:3      | Reached XP level 5. HP: 27/34 MP: 5/5
  1749 | D:3      | Noticed Ijyb
  1758 | D:3      | Found a sparkling altar of Nemelex Xobeh.
  2008 | D:3      | Killed Ijyb
  2008 | D:3      | Reached skill level 1 in Armour
  2595 | D:4      | Noticed Sigmund
  2646 | D:4      | Found an iron altar of Okawaru.
  2671 | D:4      | Became a worshipper of Warmaster Okawaru
  2689 | D:4      | Reached XP level 6. HP: 35/39 MP: 6/6
  2756 | D:4      | Noticed Thargor's ghost (novice TrBe)
  2892 | D:4      | Reached skill level 9 in Slings
  3113 | D:4      | Noticed an ogre
  3124 | D:4      | Gained mutation: You are covered in fur. (AC +1) [potion of mutation]
  3621 | D:5      | Entered Level 5 of the Dungeon
  3650 | D:5      | Killed from afar by a shadow imp

Skill      XL: |  1  2  3  4  5  6 |
---------------+-------------------+-----
Slings         | 6 7 8 9 |  9.4
Short Blades   | 1 2 |  2.9
Armour         | 1 |  1.9
Fighting       | |  1.7
Dodging        | |  2.5
Stealth        | |  1.1

Action                   |  1- 3 |  4- 6 || total
-------------------------+-------+-------++-------
Melee: Short sword       |       |    32 ||    32
 Fire: Hunting sling     |    79 |   226 ||   305
  Use: Scroll            |       |     7 ||     7
       Potion            |       |     7 ||     7
  Eat: Chunk             |       |     6 ||     6
Armor: Leather armour    |       |    22 ||    22
Dodge: Dodged            |     4 |    65 ||    69
